 Dungeon Crawl Stone Soup version 0.29-a0-575-g0dc89cf053 (webtiles) character file.

Game seed: 3697266539896501702

1554 DocClef the Covert (level 8, -19/67 HPs)
             Began as a Gnoll Delver on June 12, 2022.
             Was a Follower of Okawaru.
             Demolished by an orc knight
             ... wielding a +0 halberd
              (21 damage)
             ... in a bailey.
             The game lasted 00:07:46 (5637 turns).

DocClef the Covert (Gnoll Delver)                   Turns: 5637, Time: 00:07:46

Health: -19/67     AC:  9    Str: 10 (11) XL:     8   Next: 88%
Magic:  11/13      EV: 17    Int:  8 (10) God:    Okawaru [*.....]
Gold:   208        SH:  0    Dex: 22      Spells: 14/14 levels left

rFire   + . .      SeeInvis .   F - +3 dagger (elec)
rCold   + . .      Faith    .   (no shield)
rNeg    . . .      Spirit   .   r - +0 ring mail
rPois   +          Reflect  .   (no helmet)
rElec   +          Harm     .   (no cloak)
rCorr   +          Rampage  .   q - +0 pair of gloves
Will    .....                   j - +0 pair of boots
Stlth   ++++++....              (no amulet)
HPRegen 0.21/turn               v - +6 ring of dexterity
MPRegen 0.13/turn               (no ring)

@: resistant, heroic, attractive
A: fangs 1, strong nose, distributed training
a: Renounce Religion, Heroism


You were in a bailey.
You worshipped Okawaru.
Okawaru was aware of your devotion.
You visited 2 branches of the dungeon, and saw 8 of its levels.
You also visited: Bailey.

You collected 208 gold pieces.

Inventory:

Hand Weapons
 a - a +0 short sword
 F - a +3 dagger of electrocution (weapon)
Armour
 b - a +0 leather armour
 j - a +0 pair of boots (worn)
 q - a +0 pair of gloves (worn)
 r - a +0 ring mail (worn)
Jewellery
 o - a ring of fire
 s - a ring of positive energy
 v - a +6 ring of dexterity (left hand)
 A - a ring of fire
Wands
 g - a wand of digging (3)
 C - a wand of iceblast (5)
Scrolls
 c - 2 scrolls of fog
 d - 2 scrolls of magic mapping
 e - 3 scrolls of fear
 i - 6 scrolls of teleportation {unknown}
 k - 11 scrolls of identify {unknown}
 l - a scroll of silence {unknown}
 m - 4 scrolls of amnesia {unknown}
 y - a scroll of brand weapon {unknown}
 z - a scroll of immolation {unknown}
 B - 4 scrolls of enchant armour {unknown}
Potions
 f - 2 potions of haste
 t - 3 potions of brilliance
 u - 3 potions of flight


   Skills:
 + Level 7.5(12.5) Fighting
 + Level 5.9(10.9) Short Blades
 + Level 3.6(8.6) Long Blades
 + Level 3.6(8.6) Axes
 + Level 3.6(8.6) Maces & Flails
 + Level 3.6(8.6) Polearms
 + Level 3.6(8.6) Staves
 + Level 3.6(8.6) Slings
 + Level 3.6(8.6) Bows
 + Level 3.6(8.6) Crossbows
 + Level 3.6(8.6) Throwing
 + Level 3.6(8.6) Armour
 + Level 5.9(10.9) Dodging
 + Level 10.3(15.3) Stealth
 + Level 3.6(8.6) Shields
 + Level 3.6(8.6) Unarmed Combat
 + Level 3.6 Spellcasting
 + Level 3.0 Conjurations
 + Level 3.0 Hexes
 + Level 3.0 Summonings
 + Level 3.0 Necromancy
 + Level 3.0 Translocations
 + Level 3.0 Transmutations
 + Level 3.0 Fire Magic
 + Level 3.0 Ice Magic
 + Level 3.0 Air Magic
 + Level 3.0 Earth Magic
 + Level 3.0 Poison Magic
 + Level 4.0 Invocations
 + Level 3.6 Evocations


You had 14 spell levels left.
You didn't know any spells.
Your spell library was empty.

Dungeon Overview and Level Annotations

Branches:
Dungeon (7/15)             Temple (1/1) D:7          Bailey (1/1)

Altars:
Ashenzari
Cheibriados
Elyvilon
Gozag
Hepliaklqana
Kikubaaqudgha
Makhleb
Okawaru
Uskayaw
Vehumet
Wu Jian
Xom
Yredelemnul
Zin
The Shining One

Shops:
D:5 :   D:6 ((!(


Innate Abilities, Weirdness & Mutations

You have very sharp teeth.
Your uncanny sense of smell can sniff out nearby items.
Your experience applies equally to all skills.


Message History

You feel your intelligence returning.
Your Conjurations skill increases to level 3!
Your Hexes skill increases to level 3!
Your Summonings skill increases to level 3!
Your Necromancy skill increases to level 3!
Your Translocations skill increases to level 3!
Your Transmutations skill increases to level 3!
Your Fire Magic skill increases to level 3!
Your Ice Magic skill increases to level 3!
Your Air Magic skill increases to level 3!
Your Earth Magic skill increases to level 3!
Your Poison Magic skill increases to level 3!
Your Invocations skill increases to level 4!
Unknown command.
You start resting.
An orc knight is nearby!
An orc knight is nearby!
You gain the combat prowess of a mighty hero.
The orc knight hits you from afar with a +0 halberd!!
* * * LOW HITPOINT WARNING * * *
It was a potion of attraction.
You feel attractive to monsters. The orc knight closely misses you.
The orc knight is attracted toward you.
It was a potion of resistance.
You feel protected.
The orc knight hits you but does no damage.
You closely miss the orc knight. Your bite misses the orc knight.
The orc knight hits you with a +0 halberd!
* * * LOW HITPOINT WARNING * * *
Unknown command.
Okay, then.
You hit the orc knight but do no damage.
Lightning courses through the orc knight!
The orc knight is moderately wounded.
Unknown command.
You hit the orc knight.
Lightning courses through the orc knight!
The orc knight is heavily wounded.
The orc knight hits you with a +0 halberd!!
You die...

##....... ##..≈≈≈≈≈≈
##..≈≈.)...
##########..≈≈..###.
#..........≈≈.)## ##
#.≈≈≈≈≈≈≈≈≈≈..##.∩.#
#.≈)§.......)##.....
#.)o#########+###+##
#.)@## ∆∆∆ ...
#.)).## ∆ .≈≈≈≈
#.))..## ≈≈o...o
#∩.≈≈..# ...⌠∩⌠.
##.≈≈..# ≈o..⌠.§
#.≈≈..## ≈≈..o..
#.≈..## #.≈.##.
#.≈.# ##


You could see an orc knight.

Vanquished Creatures
  A water moccasin (D:7)
  2 orc warriors (Bailey)
  A sky beast (D:6)
  An ogre (D:6)
  A centaur (D:4)
  2 scorpions
  A bullfrog (D:6)
  A necrophage (D:4)
  5 killer bees (D:7)
  2 hounds (D:5)
  A jelly (D:7)
  An orc priest (D:3)
  2 iguanas
  4 orc wizards
  A hound zombie (D:3)
  9 adders
  A shadow imp (D:6)
  An ufetubus (D:5)
  An adder zombie (D:3)
  A worm (D:2)
  5 dart slugs
  33 orcs
  10 endoplasms
  5 giant cockroaches
  4 goblins
  9 hobgoblins
  5 quokkas
  4 ball pythons
  6 bats
  8 frilled lizards
  3 kobolds
  3 rats
134 creatures vanquished.

Vanquished Creatures (others)
  A goblin (D:4)
  A plant (D:2)
2 creatures vanquished.

Grand Total: 136 creatures vanquished

Notes
Turn   | Place    | Note
-------+----------+-------------------------------------------
     0 | D:5      | Reached skill level 9 in Stealth
     0 | D:5      | DocClef the Gnoll Delver began the quest for the Orb.
     0 | D:5      | Reached XP level 1. HP: 23/23 MP: 1/1
    45 | D:5      | Noticed a hound
    47 | D:5      | Killed a hound
    48 | D:5      | Reached XP level 2. HP: 29/29 MP: 2/2
    48 | D:5      | Reached XP level 3. HP: 35/35 MP: 3/3
   103 | D:5      | Reached skill level 1 in Invocations
   281 | D:5      | Found Boimp's Self-Improvement Boutique.
   311 | D:5      | Reached skill level 1 in Long Blades
   311 | D:5      | Reached skill level 1 in Axes
   311 | D:5      | Reached skill level 1 in Maces & Flails
   311 | D:5      | Reached skill level 1 in Polearms
   311 | D:5      | Reached skill level 1 in Staves
   311 | D:5      | Reached skill level 1 in Slings
   311 | D:5      | Reached skill level 1 in Bows
   311 | D:5      | Reached skill level 1 in Crossbows
   311 | D:5      | Reached skill level 1 in Throwing
   311 | D:5      | Reached skill level 1 in Armour
   311 | D:5      | Reached skill level 1 in Shields
   311 | D:5      | Reached skill level 1 in Unarmed Combat
   311 | D:5      | Reached skill level 1 in Spellcasting
   311 | D:5      | Reached skill level 1 in Evocations
   311 | D:5      | Reached XP level 4. HP: 41/41 MP: 5/5
   517 | D:5      | Noticed a centaur
   542 | D:4      | Reached skill level 1 in Conjurations
   542 | D:4      | Reached skill level 1 in Hexes
   542 | D:4      | Reached skill level 1 in Summonings
   542 | D:4      | Reached skill level 1 in Necromancy
   542 | D:4      | Reached skill level 1 in Translocations
   542 | D:4      | Reached skill level 1 in Transmutations
   542 | D:4      | Reached skill level 1 in Fire Magic
   542 | D:4      | Reached skill level 1 in Ice Magic
   542 | D:4      | Reached skill level 1 in Air Magic
   542 | D:4      | Reached skill level 1 in Earth Magic
   542 | D:4      | Reached skill level 1 in Poison Magic
   798 | D:4      | Found a burning altar of Makhleb.
   798 | D:4      | Noticed a balrug
   823 | D:4      | Reached XP level 5. HP: 14/47 MP: 6/6
  1178 | D:4      | Found an ancient bone altar of Kikubaaqudgha.
  1616 | D:3      | Reached XP level 6. HP: 50/53 MP: 8/8
  2103 | D:3      | Found a basalt altar of Yredelemnul.
  2304 | D:2      | Reached skill level 5 in Short Blades
  2304 | D:2      | Reached skill level 5 in Dodging
  2361 | D:2      | Found a glowing silver altar of Zin.
  2935 | D:1      | Found a faded altar of an unknown god.
  3684 | D:4      | Reached XP level 7. HP: 59/59 MP: 10/10
  4424 | D:6      | Found Lizefed's Distillery.
  4481 | D:6      | Found Erghonkink's Antique Weapon Shop.
  4529 | D:6      | Found an opulent altar of Gozag.
  4540 | D:6      | Reached skill level 10 in Stealth
  4540 | D:6      | Found Herr's Weapon Emporium.
  4548 | D:6      | Reached XP level 8. HP: 67/67 MP: 10/12
  4663 | D:6      | Found Baorghux's Weapon Shoppe.
  4855 | D:7      | Found a staircase to the Ecumenical Temple.
  4866 | Temple   | Entered the Ecumenical Temple
  4883 | Temple   | Became a worshipper of Warmaster Okawaru
  5121 | D:7      | Found a white marble altar of Elyvilon.
  5135 | D:7      | Found a flagged portal.
  5151 | Bailey   | Entered a bailey
  5485 | Bailey   | Noticed an orc knight
  5536 | Bailey   | Reached * piety under Okawaru
  5635 | Bailey   | HP: 2/67 [orc knight/+0 halberd (14)]
  5637 | Bailey   | Demolished by an orc knight

Illustrated notes

Levels and vault maps discovered:
D:1:      wander_arrival_lonely_grave, layout_rooms,
          shapermc_ecumenical_altar_notcrosses, corexii_hall_statues_i
D:2:      layout_basic, basic_altar, minmay_lizard_king
D:3:      layout_loops_ring, lemuel_zombie_altar_yredelemnul
D:4:      layout_cave_pods, kiku_gazebo_pond_becter, makhleb_altar_promises_db
D:5:      layout_cave_pools, nicolae_shop_self_help
D:6:      layout_rooms, mainiacjoe_overflow_cross_hatched, serial_shops,
          nicolae_lakefront_shop, kennysheep_mini, nicolae_shop_stone, shop
D:7:      layout_basic, tgw_fedhas, mainiacjoe_overflow_chevrons,
          mainiacjoe_overflow_six_doors_small,
          minmay_temple_entry_statues_fountains, enter_bailey_2, kb_rosetta
Temple:   eino_temple_lava
Bailey:   bailey_polearm_1, bailey

Skill      XL: |  1  2  3  4  5  6  7  8 |
---------------+-------------------------+-----
Stealth        | 10 | 10.3
Invocations    | 1 2 3 4 |  4.0
Long Blades    | 1 2 3 |  3.6
Axes           | 1 2 3 |  3.6
Maces & Flails | 1 2 3 |  3.6
Polearms       | 1 2 3 |  3.6
Staves         | 1 2 3 |  3.6
Slings         | 1 2 3 |  3.6
Bows           | 1 2 3 |  3.6
Crossbows      | 1 2 3 |  3.6
Throwing       | 1 2 3 |  3.6
Armour         | 1 2 3 |  3.6
Shields        | 1 2 3 |  3.6
Unarmed Combat | 1 2 3 |  3.6
Spellcasting   | 1 2 3 |  3.6
Evocations     | 1 2 3 |  3.6
Conjurations   | 1 2 3 |  3.0
Hexes          | 1 2 3 |  3.0
Summonings     | 1 2 3 |  3.0
Necromancy     | 1 2 3 |  3.0
Translocations | 1 2 3 |  3.0
Transmutations | 1 2 3 |  3.0
Fire Magic     | 1 2 3 |  3.0
Ice Magic      | 1 2 3 |  3.0
Air Magic      | 1 2 3 |  3.0
Earth Magic    | 1 2 3 |  3.0
Poison Magic   | 1 2 3 |  3.0
Short Blades   | 5 |  5.9
Dodging        | 5 |  5.9
Fighting       | 7 |  7.5

Action                   |  1- 3 |  4- 6 |  7- 9 || total
-------------------------+-------+-------+-------++-------
Melee: Short sword       |    14 |   275 |    55 ||   344
       Bite              |     3 |    29 |    16 ||    48
       Punch             |       |     4 |     5 ||     9
       Dagger            |       |       |   140 ||   140
Invok: Heroism           |       |       |     1 ||     1
  Use: Potion            |       |       |     9 ||     9
       Scroll            |       |       |     1 ||     1
 Stab: Sleeping          |     2 |    25 |    10 ||    37
       Distracted        |       |     1 |       ||     1
Armor: Leather armour    |     2 |    23 |       ||    25
       Ring mail         |       |    57 |    44 ||   101
       Skin              |       |       |    58 ||    58
Dodge: Dodged            |    16 |   166 |   110 ||   292

Table legend: (Time is in decaauts)
 A = Elapsed time spent in this place.
 B = Non-inter-level travel time spent in this place.
 C = Inter-level travel time spent in this place.
 D = Time resting spent in this place.
 E = Time spent auto-exploring this place.
 F = Levels seen in this place.
 G = Mean time per level.
                   A        B        C        D        E       F      G
               +--------+--------+--------+--------+--------+-----+--------+
         Total |   5568 |   5443 |    125 |    932 |   3282 |   9 |  618.7 |
       Dungeon |   4963 |   4846 |    117 |    560 |   3240 |   7 |  709.0 |
        Temple |    132 |    124 |      8 |     81 |      0 |   1 |  132.0 |
        Bailey |    473 |    473 |      0 |    291 |     42 |   1 |  473.0 |
               +--------+--------+--------+--------+--------+-----+--------+

Top non-repeatable levels by time:
     D:4: 1610 daAuts
     D:3: 937 daAuts
     D:5: 703 daAuts
     D:6: 546 daAuts
     D:1: 506 daAuts
     D:2: 482 daAuts
  Bailey: 473 daAuts
     D:7: 175 daAuts
  Temple: 132 daAuts
